 Dungeon Crawl Stone Soup version 0.27.0-1-g7a089689b8 (webtiles) character file.

Game seed: 1995377869926340974

1729 Spaninq the Cruncher (level 9, 0/69 HPs)
             Began as a Formicid Gladiator on Aug 5, 2021.
             Was an Elder of Elyvilon.
             Slain by a two-headed ogre (22 damage)
             ... on level 6 of the Dungeon.
             The game lasted 00:14:42 (9064 turns).

Spaninq the Cruncher (Formicid Gladiator)           Turns: 9064, Time: 00:14:43

Health: 0/69       AC: 14    Str: 22    XL:     9   Next: 25%
Magic:  10/12      EV:  7    Int:  8    God:    Elyvilon [****..]
Gold:   312        SH:  5    Dex: 18    Spells: 8/8 levels left

rFire    . . .     SeeInvis +   a - +0 quarterstaff (elec)
rCold    . . .     Faith    .   j - +0 buckler
rNeg     . . .     Spirit   .   b - +0 plate armour
rPois    .         Reflect  .   (helmet unavailable)
rElec    .         Harm     .   e - +0 cloak
rCorr    .         Rampage  .   i - +0 pair of gloves
Will     .....                  (no boots)
Stlth    ..........             (no amulet)
HPRegen  0.21/turn              p - +6 ring of dexterity
MPRegen  0.13/turn              (no ring)

@: no status effects
A: permanent stasis, dig shafts and tunnels, antennae 3, four strong arms
a: Dig, Shaft Self, Renounce Religion, Lesser Healing, Heal Other, Purification,
Greater Healing, Divine Protection


You were on level 6 of the Dungeon.
You worshipped Elyvilon.
Elyvilon was greatly pleased with you.
You visited 2 branches of the dungeon, and saw 7 of its levels.

You collected 312 gold pieces.

Inventory:

Hand Weapons
 a - a +0 quarterstaff of electrocution (weapon)
Missiles
 c - 3 throwing nets (quivered)
Armour
 b - a +0 plate armour (worn)
 e - a +0 cloak (worn)
 i - a +0 pair of gloves (worn)
 j - a +0 buckler (worn)
Jewellery
 p - a +6 ring of dexterity (left hand)
Wands
 g - a wand of digging (3)
 m - a wand of polymorph (3)
 n - a wand of flame (22)
Scrolls
 h - a scroll of identify
 k - 2 scrolls of magic mapping
 l - a scroll of brand weapon
 o - 2 scrolls of amnesia
Potions
 d - 3 potions of curing
 f - 2 potions of mutation


   Skills:
 + Level 6.2 Fighting
 * Level 8.3 Staves
 - Level 2.0 Throwing
 + Level 3.8 Armour
 - Level 2.6 Dodging
 + Level 3.5 Shields
 + Level 4.1 Invocations


You had 8 spell levels left.
You didn't know any spells.
Your spell library contained the following spells:

 Spells                   Type           Power      Damage    Failure   Level
 Magic Dart               Conj           0%         1d3       100%        1
 Call Imp                 Summ           0%         N/A       100%        2
 Mephitic Cloud           Conj/Pois/Air  0%         N/A       100%        3


Dungeon Overview and Level Annotations

Branches:
Dungeon (6/15)             Temple (1/1) D:6

Altars:
Ashenzari
Cheibriados
Dithmenos
Elyvilon
Fedhas
Gozag
Hepliaklqana
Kikubaaqudgha
Makhleb
Nemelex Xobeh
Okawaru
Qazlal
Ru
Sif Muna
Trog
Uskayaw
Vehumet
Wu Jian
Xom
Yredelemnul
Zin
The Shining One

Shops:
D:1 !

Annotations:
D:2 1 runed translucent door, Crazy Yiuf


Innate Abilities, Weirdness & Mutations

You cannot be hasted, slowed, berserked, paralysed or teleported.
You can dig through walls and to a lower floor.
You have a pair of large antennae on your head. (SInv)
Your four strong arms can wield two-handed weapons with a shield.


Message History

Found a scroll of identify.
There is an open door here.
An adder and a two-headed ogre come into view.
The two-headed ogre shouts in stereo!
The adder hisses angrily.
A scorpion comes into view.
Found a scroll of identify.
There is an open door here.
You see here a +0 ring mail.
Press: ? - help, Dir - move target, f - two-headed ogre Heal: a two-headed ogre, wielding two +0 giant clubs (chance to pacify: <1%)
The light of Elyvilon fails to reach the two-headed ogre.
You sock the two-headed ogre!
Lightning courses through the two-headed ogre!!
The two-headed ogre is severely wounded.
The two-headed ogre hits you with a +0 giant club!
The two-headed ogre hits you but does no damage.
You hit the two-headed ogre but do no damage.
The two-headed ogre is severely wounded.
The two-headed ogre hits you with a +0 giant club!!
The two-headed ogre closely misses you.
You hit the two-headed ogre.
The two-headed ogre is severely wounded.
You hit the two-headed ogre but do no damage.
The two-headed ogre is severely wounded.
The two-headed ogre hits you with a +0 giant club!
You block the two-headed ogre's attack.
You hit the two-headed ogre but do no damage.
The two-headed ogre is severely wounded.
The two-headed ogre hits you with a +0 giant club! x2
* * * LOW HITPOINT WARNING * * *
You are healed.
You hit the two-headed ogre.
The two-headed ogre is almost dead.
The two-headed ogre closely misses you.
The two-headed ogre hits you but does no damage.
You hit the two-headed ogre.
The two-headed ogre is almost dead.
The two-headed ogre hits you with a +0 giant club.
The two-headed ogre hits you with a +0 giant club!!
You die...

######'########..............#
#.........<.............#'####
#.......................#...#
#.....................O.#...#
#...................S...#...#
#.......................#...#
.........##'###.........#[..#
.........#....###########...#
.........#......@OS.........#
#...###..#.########.........#
#.⌠.# #..#.#♣♣♣♣♣♣#.........#
#...###..+†#♣....♣#########+#
.........#.'..♣..♣
..>..⌠...#.'...♣.♣ {
÷........###♣....♣ #...###...#
♣♣♣♣♣♣ #.⌠.# #...#


You could see a two-headed ogre and an adder.

Vanquished Creatures
  2 orc warriors
  A sky beast (D:5)
  A black bear (D:4)
  An ogre (D:4)
  4 necrophages
  A phantom (D:5)
  A water moccasin zombie (D:5)
  A water moccasin skeleton (D:5)
  3 orc priests
  5 hounds (D:5)
  2 iguanas
  Jessica (D:3)
  7 orc wizards
  A gnoll (D:1)
  A howler monkey skeleton (D:4)
  8 adders
  An ufetubus (D:5)
  An adder skeleton (D:4)
  2 dart slugs (D:2)
  3 worms
  26 orcs
  2 endoplasms
  2 goblins
  8 hobgoblins
  2 jackals (D:2)
  7 quokkas
  3 ball pythons
  3 bats
  2 frilled lizards
  3 kobolds
  3 rats
108 creatures vanquished.

Notes
Turn   | Place    | Note
-------+----------+-------------------------------------------
     0 | D:1      | Spaninq the Formicid Gladiator began the quest for the Orb.
     0 | D:1      | Reached XP level 1. HP: 16/16 MP: 1/1
   423 | D:1      | Found Ruckad's Distillery.
   496 | D:1      | Reached XP level 2. HP: 18/23 MP: 2/2
  1098 | D:1      | Found a faded altar of an unknown god.
  1125 | D:1      | Reached XP level 3. HP: 4/28 MP: 3/3
  1390 | D:1      | Became a worshipper of Elyvilon the Healer
  1390 | D:1      | Reached * piety under Elyvilon
  2221 | D:2      | Reached skill level 4 in Staves
  2493 | D:2      | Reached ** piety under Elyvilon
  2500 | D:2      | Reached XP level 4. HP: 31/35 MP: 4/4
  3141 | D:2      | Reached *** piety under Elyvilon
  3192 | D:2      | Found a runed translucent door.
  3193 | D:2      | Noticed Crazy Yiuf
  3722 | D:3      | Noticed Jessica
  3736 | D:3      | Killed Jessica
  3737 | D:3      | Reached XP level 5. HP: 10/41 MP: 5/5
  4292 | D:4      | Noticed a black bear
  4303 | D:4      | Killed a black bear
  4304 | D:4      | Reached skill level 5 in Staves
  4304 | D:4      | Reached XP level 6. HP: 19/48 MP: 6/6
  4508 | D:4      | Noticed an ogre
  4517 | D:4      | Killed an ogre
  4844 | D:4      | Reached skill level 6 in Staves
  4855 | D:4      | Reached XP level 7. HP: 47/55 MP: 7/7
  5257 | D:4      | Reached skill level 1 in Invocations
  5474 | D:4      | Reached skill level 1 in Armour
  5631 | D:5      | Entered Level 5 of the Dungeon
  5681 | D:5      | Noticed a two-headed ogre
  5749 | D:5      | Noticed a water moccasin
  5770 | D:4      | Pacified a water moccasin
  5771 | D:4      | Reached skill level 5 in Fighting
  6603 | D:4      | Reached skill level 7 in Staves
  6603 | D:4      | Reached XP level 8. HP: 11/62 MP: 9/9
  6874 | D:5      | Reached skill level 1 in Shields
  6915 | D:5      | Found a stormy altar of Qazlal.
  6996 | D:5      | Reached **** piety under Elyvilon
  7056 | D:5      | Found Quithun's Distillery.
  8244 | D:6      | Reached XP level 9. HP: 66/69 MP: 11/11
  8384 | D:6      | Found a staircase to the Ecumenical Temple.
  8397 | D:6      | Reached skill level 8 in Staves
  8401 | Temple   | Entered the Ecumenical Temple
  9039 | D:6      | Noticed a two-headed ogre
  9064 | D:6      | Slain by a two-headed ogre

Illustrated notes

Levels and vault maps discovered:
D:1:      dpeg_arrival_oval, layout_basic, serial_shops, shop,
          shapermc_ecumenical_altar_mp_highgroup
D:2:      layout_basic, minmay_misc_feat_square, uniq_crazy_yiuf_cottage
D:3:      layout_rooms, uniq_jessica
D:4:      cheibrodos_pilgrimage, layout_basic, grunt_decor_arrowhead,
          grunt_decor_resistance, kennysheep_generic_room_5
D:5:      minmay_chambers_of_fours, layout_basic, grunt_qazlal_sundering,
          serial_shops, shop
D:6:      layout_gridville, minmay_temple_entry_junction,
          kennysheep_generic_room_12
Temple:   kilobyte_greek_temple

Skill      XL: |  1  2  3  4  5  6  7  8  9 |
---------------+----------------------------+-----
Staves         | 4 5 6 7 8 |  8.3
Fighting       | 3 4 5 6 |  6.2
Invocations    | 2 3 4 |  4.1
Armour         | 2 3 |  3.8
Shields        | 2 3 |  3.5
Throwing       | |  2.0
Dodging        | |  2.6

Action                   |  1- 3 |  4- 6 |  7- 9 || total
-------------------------+-------+-------+-------++-------
Melee: Quarterstaff      |   105 |    81 |   225 ||   411
Throw: Throwing net      |       |     1 |       ||     1
Invok: Lesser Healing    |       |       |     8 ||     8
       Heal Other        |       |       |     2 ||     2
  Use: Scroll            |       |     8 |     3 ||    11
       Potion            |       |       |     2 ||     2
 Stab: Distracted        |       |     1 |       ||     1
Armor: Leather armour    |    17 |    21 |     5 ||    43
       Chain mail        |       |       |    10 ||    10
       Plate armour      |       |       |    83 ||    83
Dodge: Dodged            |    67 |    34 |    76 ||   177
Block: Buckler           |       |       |    30 ||    30
